Cogmind - Beta 13 @@@ ROGUE MODE // 2024.04.29 @ 19:33:31 Player: Florist Result: Destroyed by D-53 Grenadier with Mini Grenade Launcher Performance ------------- Evolutions (0) 0 Regions Visited (2) 400 Robots Destroyed (15) 75 Value Destroyed (294) 294 Prototype IDs (1) 20 Alien Tech Used (0) 0 Bonus (0) 0 TOTAL SCORE: 789 Bonus ------- None Cogmind --------- Core Integrity 0/250 Matter 299/300 Energy 94/100 System Corruption 0% Temperature Cool (0) Movement Rolling (80) Location -10/Mines Parts ------- > --- POWER (1) -------- (None) > --- PROPULSION (2) --- Wheel Wheel > --- UTILITY (2) ------ (None) > --- WEAPON (2) ------- (None) > --- INVENTORY (5) ---- Light Treads Structural Scanner Sensor Array Improved Assault Rifle Hammer Peak State ------------ > --- POWER ------------ Light Ion Engine > --- PROPULSION ------- Light Treads Light Treads > --- UTILITY ---------- High-capacity Storage Unit Structural Scanner > --- WEAPON ----------- Improved Assault Rifle Improved Assault Rifle > --- INVENTORY -------- Ion Engine Light Treads Aluminum Leg Aluminum Leg Sensor Array Assault Rifle Improved Assault Rifle Hammer [Rating: 12] Favorites ----------- Power Light Ion Engine Engine Light Ion Engine Propulsion Light Treads Treads Light Treads Wheel Wheel Utility High-capacity Storage Unit Device Structural Scanner Storage High-capacity Storage Unit Weapon Improved Assault Rifle Ballistic Gun Improved Assault Rifle Impact Weapon Hammer Build | -11 -10 -10 ------- Run | Yrd Mat Min Slots Evolved . | . . . Power . | . . . Propulsion . | . . . Utility . | . . . Weapon . | . . . Parts Attached 16 | 6 7 3 Power 1 | 1 . . Engine 1 | 1 . . Core . | . . . Reactor . | . . . Propulsion 4 | 2 . 2 Treads 2 | 2 . . Leg . | . . . Wheel 2 | . . 2 Hover . | . . . Flight . | . . . Utility 4 | 1 3 . Device 1 | . 1 . Storage 3 | 1 2 . Processor . | . . . Hackware . | . . . Protection . | . . . Artifact . | . . . Weapon 7 | 2 4 1 Energy Gun . | . . . Energy Cannon . | . . . Ballistic Gun 5 | 2 3 . Ballistic Cannon . | . . . Launcher . | . . . Special Weapon . | . . . Impact Weapon 2 | . 1 1 Slashing Weapon . | . . . Piercing Weapon . | . . . Special Melee Weapon . | . . . Unidentified Prototypes 1 | . 1 . Parts Lost 3 | . . 3 Power 1 | . . 1 Propulsion . | . . . Utility . | . . . Weapon 2 | . . 2 Highest Loss Streak 2 | . . 2 To Critical Strikes . | . . . Average Slot Usage (%) 91 | . 92 88 Engine 13 | . 14 11 Treads 26 | . 28 23 Device 7 | . 6 11 Storage 13 | . 14 11 Ballistic Gun 27 | . 27 25 Naked Turns . | . . . Heaviest Build 50 | 12 50 50 Greatest Support 40 | 40 40 40 Greatest Overweight (x) 1 | . 1 1 Average Overweight (x) . | . . . Largest Inventory Capacity 20 | 8 20 20 Average Capacity 16 | 6 16 17 Most Carried 8 | 4 8 7 Average Carried 5 | 2 6 5 Final Capacity 20 | 8 20 5 Final Carried 6 | 3 6 5 Class Distribution -------------------- 100% | Mutant Dominant Class ---------------- Mutant | -10/Materials Mutant | -10/Mines Resources | -11 -10 -10 ----------- Run | Yrd Mat Min Matter Collected 588 | 188 370 30 Remotely . | . . . Salvage Created 531 | . 488 43 Parts 30 | . 28 2 Haulers Intercepted . | . . . Recyclers Shooed . | . . . Parts Field Recycled . | . . . Retrieved Matter . | . . . Parts Self-Destructed . | . . . Prevented . | . . . Kills | -11 -10 -10 ------- Run | Yrd Mat Min Combat Hostiles Destroyed 8 | . 8 . Melee 1 | . 1 . Guns 7 | . 7 . Classes Destroyed 6 | . 4 2 Worker 1 | . . 1 Tunneler 1 | . . 1 Recycler 2 | . 2 . Watcher 3 | . 3 . Swarmer 3 | . 3 . Grunt 5 | . 5 . Best Kill Streak 5 | . 5 2 Combat Bots Only 4 | . 4 . Max Kills in Single Turn 2 | . 2 1 Gunslinging 1 | . 1 . Exploded . | . . . Melee 1 | . 1 . Uniques/NPCs Destroyed . | . . . Combat | -11 -10 -10 -------- Run | Yrd Mat Min Hostile Shots Fired 64 | . 53 11 Missed 9 | . 9 . Damage Taken 893 | . 431 462 Core 254 | . 52 202 Absorbed by Shields . | . . . Core Remaining (%) 100 | 100 . . Volleys Fired 40 | . 38 2 Largest 2 | . 2 1 Hottest 46 | . 46 23 Shots Fired 78 | . 76 2 Gun 78 | . 76 2 Cannon . | . . . Launcher . | . . . Special . | . . . Kinetic 78 | . 76 2 Thermal . | . . . Explosive . | . . . Electromagnetic . | . . . Robot Hit Streak 13 | . 13 6 Robot Miss Streak 5 | . 5 1 Penetration Max . | . . . Secondary Targets 1 | . 1 . Max Gunslinging Chain 1 | . 1 . Shots Hit Robots 57 | . 54 3 Core Hits 21 | . 20 1 Critical Kills . | . . . Critical Parts Destroyed . | . . . Critical Strikes . | . . . Melee Attacks 7 | . 5 2 Impact 7 | . 5 2 Slashing . | . . . Piercing . | . . . Sneak Attacks 1 | . . 1 Combat Hostiles . | . . . Follow-up Attacks . | . . . Damage Inflicted 940 | . 841 99 Guns 817 | . 804 13 Cannons . | . . . Explosions . | . . . Melee 123 | . 37 86 Ramming . | . . . Kinetic 817 | . 804 13 Thermal . | . . . Explosive . | . . . Electromagnetic . | . . . Impact 123 | . 37 86 Slashing . | . . . Piercing . | . . . Highest Corruption . | . . . Average Corruption . | . . . Corruption Purged . | . . . Corruption Blocked . | . . . Overload Shots . | . . . Overflow Damage 23 | . . 23 Projectiles . | . . . Explosions . | . . . Melee 23 | . . 23 Knockbacks 2 | . 1 1 Impact 2 | . 1 1 Kinetic . | . . . Secondary . | . . . Self-Inflicted Damage . | . . . Shots . | . . . Rammed . | . . . Targets Rammed . | . . . Kicked . | . . . Crushed . | . . . Highest Temperature 22 | . 22 . Average Temperature 9 | . 9 . Received Heat Transfer 141 | . 141 . Siege Activations . | . . . Robots Corrupted . | . . . Combat Hostiles . | . . . Parts Fried 4 | . . 4 Impact Corruptions 2 | . . 2 Robots Melted . | . . . Combat Hostiles . | . . . Parts Melted . | . . . Heat Transferred . | . . . Parts Sabotaged . | . . . Parts Stolen . | . . . Parts Stripped . | . . . Power Chain Reactions . | . . . Alert | -11 -10 -10 ------- Run | Yrd Mat Min Peak Influence 150 | . 150 40 Initial 13 | . . 13 Average 31 | . 39 13 Maximum Alert Level . | . . . Low Security (%) 100 | 100 100 100 Level 1 . | . . . Level 2 . | . . . Level 3 . | . . . Level 4 . | . . . Level 5 . | . . . High Security . | . . . Max Security . | . . . Squads Dispatched 1 | . 1 . Investigation . | . . . Extermination . | . . . Reinforcement 1 | . 1 . Assault . | . . . Garrison . | . . . Intercept . | . . . Searches Triggered . | . . . Construction Impeded . | . . . Haulers Reinforced . | . . . Active Scanning Responses . | . . . Cargo Convoy Interrupts . | . . . Stealth | -11 -10 -10 --------- Run | Yrd Mat Min Distress Signals 1 | . 1 . Communications Jammed . | . . . Distress Signals . | . . . Times Spotted 27 | . 19 8 Peak Tracking Total 8 | . 5 8 Tactical Retreats 4 | . 3 1 Traps | -11 -10 -10 ------- Run | Yrd Mat Min Traps Triggered . | . . . Indirectly . | . . . Trap Hack Attempts . | . . . Triggered . | . . . Disarmed . | . . . Reprogrammed . | . . . Reused . | . . . Traps Extracted . | . . . Installed . | . . . Triggered . | . . . Machines | -11 -10 -10 ---------- Run | Yrd Mat Min Machines Disabled . | . . . Max in Single Turn . | . . . Machines Repaired . | . . . Machines Dismantled . | . . . Machines Sabotaged . | . . . Overloaded Fab Kills . | . . . Hacking | -11 -10 -10 --------- Run | Yrd Mat Min Machines Accessed 6 | . 6 . Terminals 6 | . 6 . Fabricators . | . . . Repair Stations . | . . . Recycling Units . | . . . Scanalyzers . | . . . Garrison Access . | . . . Total Hacks 18 | . 18 . Successful 9 | . 9 . Failed 9 | . 9 . Catastrophic 1 | . 1 . Database Lockouts . | . . . Manual 12 | . 12 . Terminals 18 | . 18 . Fabricators . | . . . Repair Stations . | . . . Recycling Units . | . . . Scanalyzers . | . . . Garrison Access . | . . . Terminal Hacks 3 | . 3 . Alert Level 1 | . 1 . Locate Traps 1 | . 1 . Hauler Manifests 1 | . 1 . Fabricator Hacks . | . . . Repair Station Hacks . | . . . Recycling Unit Hacks . | . . . Scanalyzer . | . . . Garrison Access Hacks . | . . . Unauthorized Hacks 6 | . 6 . Terminals 6 | . 6 . Botnet 6 | . 6 . Fabricators . | . . . Repair Stations . | . . . Recycling Units . | . . . Scanalyzers . | . . . Garrison Access . | . . . Data Cores Recovered . | . . . Used . | . . . Hacking Detections 5 | . 5 . Full Trace Events 1 | . 1 . Feedback Events . | . . . Feedback Blocked . | . . . Robot Schematics Acquired . | . . . Robots Built . | . . . Authchips . | . . . Time . | . . . Total Robot Build Rating . | . . . Part Schematics Acquired . | . . . Parts Built . | . . . Authchips . | . . . Time . | . . . Total Part Build Rating . | . . . Parts Repaired . | . . . Time . | . . . Parts Recycled . | . . . Recycled Matter . | . . . Retrieved Matter . | . . . Retrieved Components . | . . . Parts Scanalyzed . | . . . Part Schematics Acquired . | . . . Parts Damaged . | . . . Bothacking | -11 -10 -10 ------------ Run | Yrd Mat Min Used RIF Installer . | . . . Robots Hacked . | . . . Non-combat . | . . . Combat . | . . . Robot Hacks Applied . | . . . Relay Couplers Released . | . . . Fabnet Peak Effective % . | . . . Robots Rewired . | . . . Allies Hacked . | . . . Hacks Repelled . | . . . Allies | -11 -10 -10 -------- Run | Yrd Mat Min Total Allies . | . . . Largest Group . | . . . Highest-Rated Group . | . . . Highest-Rated Ally . | . . . Total Orders . | . . . Ally Attacks . | . . . Total Damage . | . . . Kills . | . . . Allies Corrupted . | . . . Allies Melted . | . . . Intel | -11 -10 -10 ------- Run | Yrd Mat Min Robot Analysis Total . | . . . Derelict Logs Recovered 1 | . . 1 Drone Launches . | . . . Drone Recoveries . | . . . Exploration | -11 -10 -10 ------------- Run | Yrd Mat Min Turns Passed 2105 | 87 1494 524 Spaces Moved 973 | 53 629 291 Core 86 | 11 . 75 Treads 850 | 42 629 179 Legs . | . . . Wheels 37 | . . 37 Hover . | . . . Flight . | . . . Fastest Speed 50 | 50 160 50 Average Speed 192 | 137 207 172 Slowest Speed 240 | 160 240 240 Overloaded Moves . | . . . Propulsion Burnouts . | . . . Robots Hopped . | . . . Cave-ins Triggered . | . . . Exploration Rate (%) 46 | 4 81 53 Regions Visited 2 Branch Regions 1 Pre-discovered Areas 1 | . . 1 Known Exits Taken . | . . . Unknown Exits Taken 2 | 1 1 . Scrap Searched 1 | . . 1 Spaces Dug 2 | . 2 . Terrain Destroyed 2 | . 2 . Melee 2 | . 2 . Projectile . | . . . AOE . | . . . Terrain Rammed . | . . . Walls Destroyed . | . . . Machines Disabled . | . . . Actions | -11 -10 -10 --------- Run | Yrd Mat Min Total 1118 | 67 737 314 Wait 46 | . 41 5 Move 971 | 52 628 291 Hop . | . . . Pick Up 23 | 9 11 3 Fast Attach . | . . . Attach 13 | 6 4 3 Detach 2 | . . 2 Swap 3 | . 3 . Drop 13 | . 7 6 Fire 40 | . 38 2 Melee 7 | . 5 2 Ram . | . . . Kick . | . . . Crush . | . . . Escape Stasis . | . . . Rewire . | . . . Trap . | . . . Miscellaneous . | . . . Route ------- -11/Scrapyard -10/Materials (discovered 5 exits: [*Mat x3] / [*Min x2]) -10/Mines (discovered 1 exit: [*Mat]) History --------- Turn | Location | Event 4 | -11/Scrapyard | Discovered new exit (range 15) 88 | -11/Scrapyard | Entered Materials 98 | -10/Materials | Discovered new exit (range 15) 317 | -10/Materials | Build established: Mutant 558 | -10/Materials | Discovered new exit (range 13) 738 | -10/Materials | Discovered new exit (range 9) 836 | -10/Materials | Discovered new exit (range 10) 1358 | -10/Materials | Discovered new exit (range 6) 1582 | -10/Materials | Entered Mines 1607 | -10/Mines | Met a Derelict bent on vengeance 1626 | -10/Mines | Discovered new exit (range 16) 1854 | -10/Mines | Learned location of Zion (-6) 1975 | -10/Mines | Assembled infested the area 2021 | -10/Mines | Core integrity fell below 50% 2105 | -10/Mines | Core integrity fell below 20% 2106 | -10/Mines | Destroyed by D-53 Grenadier with Mini Grenade Launcher Last Messages --------------- Destroyed Imp. Terrain Scanner. T-07 Excavator system corrupted by crushing effect. T-07 Excavator knocked back. T-07 Excavator system terminally corrupted. Mining Laser fried. Seismic Detector fried. Wheel fried. Lgt. Ion Engine fried. K-01 Serf collects debris. K-01 Serf destroyed. Acquired 10 matter. Acquired Wheel. Dropped Wheel. Acquired Wheel. K-01 Serf collects debris. Acquired Wheel. Acquired 20 matter. K-01 Serf collects debris. The unstable cave ceiling collapses. Imp. Assault Rifle destroyed. Map ----- +----------------------------------------------------+ | ??## ##???## """ ?????????????????????????????? | | ??## ##???# """ ??????????????????????????????? | | ??## ###### """ ??????????????????????????????? | | ??## ###### ???????????????????????????????? | | ??## ### ?????????????????######????????? | | ?####### ##? ?????????????????########???????? | | ######## ##?? #???????##### ????### ###???????? | | ### ### ##??# #??????########???## ###?###### | | ## ## ##??# # #????### ######## ########## | | # ## ##### # ###### ####### ##### | | # # #### ## | | ## | | % ######## | | ######## ######### = | | """ ######### ## ##???#### [! | | """ #######??# #####d ##????### | | """ ########## % #### d ###?????## | | %#### ### ####?????## | | ] # ####??????#### | | # ### ### ##???????######### | | # #### ### #???????????##### | | # ##### ### #### #???????????????# | | # ################ #???????????????## | | # ####?####### ##???????????????### | | # #### ###??????##### # #?????????????????## | | # #### #####?????#### @ #??????????????????# | | # ### #####???????# ##??????????????????? | | # ###???????### ###???????????????????? | | ##### ########### ###???????????????????? | | ##### ########### ####??????????????????? | | #### ## ####?????????????????? | | ### ### ####????????????????? | | ## #### ######### ###????????????????? | | ## #### ########## ##????????????????? | | ## #### ##?????#### ##????????????????? | | # #### ##??????### ##????????????????? | | # #### ###?????#### ###????????????????? | | # ## ####?????### ####????????????????? | | ## % ###??????## ####?????????????????? | | ## ##???????## ###??????????????????? | | ### % ##???????### ###???????????????????? | | ###### ###???????########???????????????????? | | ?######## ####????????######????????????????????? | | ????##########???????????????????????????????????? | | ???????######????????????????????????????????????? | | ?????????????????????????????????????????????????? | | ?????????????????????????????????????????????????? | | ?????????????????????????????????????????????????? | | | | | +----------------------------------------------------+ Best States ------------- Heat Dissipation 25 Energy Generation 10 Energy Capacity 125 Matter Stores 300 Matter Capacity 300 Sight Range 16 Terrain Scan Density 10 Evasion (%) 50 Recoil Reduction 2 Item Schematics ----------------- None Robot Schematics ------------------ None Fabricated ------------ Nothing Alien Tech Used ----------------- None Achievements -------------- None Challenges ------------ None Game ------ Seed NullLayeredDriver Manual? 0 Play Time 00:11:04 Cumulative 44.9 hours Start 2024.04.29 @ 19:24:43 End 2024.04.29 @ 19:33:31 Sessions 1 Manual Loads 0 Difficulty Rogue Special Mode None Game No. 58 Rogue 58 Adventurer 0 Explorer 0 Win Type - Total 0 Types 0/0/0/0/0/0/0/0/0 Lore% 20 Gallery% 41 Achievement% 33 Wizard Run 0 Options --------- Layout 1 ASCII 0 Keyboard 0 Movement Mouse Keybinds 0 Fullscreen 1 Font 32/SmallcapsGlow Map View 77x35 Zoom Use 0% Tactical HUD 0 Map Filters NONE Filters NONE Steam 1 RUN: 08d47f35-215e-4716-a03e-3f1b70cd4495